SNL (28 & UNDER)
KEY WEST BARRACUDAS @ MEMPHIS BLUES
07/10/2027
 
TOP OF THE 1ST
Key West Barracudas batting - Pitching for Memphis Blues : RHP Bill Long
Pitching: RHP Bill Long
Batting: RHB Dan Craft 0-0: Ball
1-0: Called Strike
1-1: Ball
2-1: Ground out 5-3 (Groundball, 56)
Batting: RHB Carlos Bravo 0-0: Called Strike
0-1: Ground out 6-3 (Groundball, 6)
Batting: SHB Héctor Jiménez 0-0: Swinging Strike
0-1: Ball
1-1: Foul Ball, location: 2F
1-2: Ground out U3 (Groundball, 34S)
Top of the 1st over - 0 run(s), 0 hit(s), 0 error(s), 0 left on base; Key West 0 - Memphis 0
BOTTOM OF THE 1ST
Memphis Blues batting - Pitching for Key West Barracudas : LHP Luis Rodríguez
Pitching: LHP Luis Rodríguez
Batting: LHB John Foster 0-0: Swinging Strike
0-1: Called Strike
0-2: Ball
1-2: Ball
2-2: Ball
3-2: Fly out, F9 (Flyball, 9LD)
Batting: RHB Gustavo Rodríguez 0-0: Swinging Strike
0-1: Called Strike
0-2: Ball
1-2: Ball
2-2: Fly out, F6 (Popup, 6MD)
Batting: RHB Dave Wookey 0-0: Ball
1-0: Ball
2-0: Called Strike
2-1: Ball
3-1: Foul Ball, location: 2F
3-2: SINGLE (Line Drive, 8LS)
Batting: RHB Glenn Melican 0-0: Called Strike
0-1: Ball
1-1: Ball
2-1: Ball
3-1: Foul Ball, location: 2F
3-2: Fly out, F8 (Flyball, 8LD)
Bottom of the 1st over - 0 run(s), 1 hit(s), 0 error(s), 1 left on base; Key West 0 - Memphis 0
TOP OF THE 2ND
Key West Barracudas batting - Pitching for Memphis Blues : RHP Bill Long
Batting: LHB Domingo Ledesma 0-0: Ball
1-0: Ground out 3-1 (Groundball, 34)
Batting: LHB Daniel Byrd 0-0: Foul Ball, location: 2F
0-1: Foul Ball, location: 2F
0-2: Ball
1-2: Strikes out looking
Batting: LHB Víctor Acevedo 0-0: Called Strike
0-1: Ground out 6-3 (Groundball, 6)
Top of the 2nd over - 0 run(s), 0 hit(s), 0 error(s), 0 left on base; Key West 0 - Memphis 0
BOTTOM OF THE 2ND
Memphis Blues batting - Pitching for Key West Barracudas : LHP Luis Rodríguez
Batting: LHB Alan McGilroy 0-0: Called Strike
0-1: Ball
1-1: SOLO HOME RUN (Flyball, 9D), Distance : 392 ft
Batting: RHB Artie Green 0-0: Ball
1-0: Swinging Strike
1-1: Foul Ball, location: 2F
1-2: Strikes out looking
Batting: RHB Chase Mueller 0-0: Called Strike
0-1: Called Strike
0-2: Foul Ball, location: 2F
0-2: Strikes out swinging
Batting: LHB Mark Folger 0-0: Foul Ball, location: 2F
0-1: Ball
1-1: Foul Ball, location: 2F
1-2: Ball
2-2: Foul Ball, location: 2F
2-2: Foul Ball, location: 2F
2-2: Ball
3-2: Foul Ball, location: 2F
3-2: Foul Ball, location: 2F
3-2: Base on Balls
Batting: RHB Salvador Mendoza 0-0: Ball
1-0: Foul Ball, location: 2F
1-1: Called Strike
1-2: DOUBLE (Line Drive, 89D)
Mark Folger to third
Mark Folger scores
Batting: LHB John Foster 0-0: Ball
1-0: Swinging Strike
1-1: Called Strike
1-2: Strikes out looking
Bottom of the 2nd over - 2 run(s), 2 hit(s), 0 error(s), 1 left on base; Key West 0 - Memphis 2
TOP OF THE 3RD
Key West Barracudas batting - Pitching for Memphis Blues : RHP Bill Long
Batting: RHB Júlio Cruz 0-0: SINGLE (Line Drive, 3D)
Batting: RHB Richard Sanders 0-0: Ball
1-0: Fielders Choice at 2nd, 6-4 (Groundball, 6)
Batting: LHB Motoki Hirata 0-0: Ball
Richard Sanders steals 2nd base
1-0: Called Strike
1-1: Foul Ball, location: 2F
1-2: Ball
2-2: DOUBLE (Line Drive, 9LM)
Richard Sanders scores
Batting: RHB Dan Craft 0-0: Ground out 3-1 (Groundball, 34S)
Motoki Hirata to third
Batting: RHB Carlos Bravo 0-0: Ball
1-0: Ball
2-0: Ball
3-0: Called Strike
3-1: DOUBLE (Line Drive, 78M)
Motoki Hirata scores
Batting: SHB Héctor Jiménez 0-0: Ball
1-0: Called Strike
1-1: Foul Ball, location: 2F
1-2: Ball
2-2: Foul Ball, location: 2F
2-2: Ball
3-2: Foul Ball, location: 2F
3-2: Base on Balls
Batting: LHB Domingo Ledesma 0-0: Foul Ball, location: 2F
0-1: Swinging Strike
0-2: Foul Ball, location: 2F
0-2: Ball
1-2: Foul Ball, location: 2F
1-2: Strikes out swinging
Top of the 3rd over - 2 run(s), 3 hit(s), 0 error(s), 2 left on base; Key West 2 - Memphis 2
BOTTOM OF THE 3RD
Memphis Blues batting - Pitching for Key West Barracudas : LHP Luis Rodríguez
Batting: RHB Gustavo Rodríguez 0-0: Ball
1-0: Swinging Strike
1-1: Ball
2-1: Ball
3-1: Base on Balls
Batting: RHB Dave Wookey 0-0: SINGLE (Groundball, 56D)
Gustavo Rodríguez to second
Batting: RHB Glenn Melican 0-0: Fly out, F8 (Flyball, 8LM)
Batting: LHB Alan McGilroy 0-0: Foul Ball, location: 2F
0-1: Ball
1-1: Ball
2-1: Ball
3-1: Base on Balls
Gustavo Rodríguez to third
Dave Wookey to second
Batting: RHB Artie Green 0-0: Ball
1-0: SINGLE (Groundball, 34D)
Gustavo Rodríguez scores
Dave Wookey to third
Alan McGilroy to second
Runner from 3rd tries for Home, throw and OUT!
Alan McGilroy to third
Artie Green to second
Batting: RHB Chase Mueller 0-0: Ball
1-0: Ball
2-0: Foul Ball, location: 2F
2-1: Swinging Strike
2-2: Strikes out swinging
Bottom of the 3rd over - 1 run(s), 2 hit(s), 0 error(s), 2 left on base; Key West 2 - Memphis 3
TOP OF THE 4TH
Key West Barracudas batting - Pitching for Memphis Blues : RHP Bill Long
Batting: LHB Daniel Byrd 0-0: Called Strike
0-1: Called Strike
0-2: Ball
1-2: Strikes out looking
Batting: LHB Víctor Acevedo 0-0: Foul Ball, location: 2F
0-1: Ball
1-1: Ball
2-1: Ball
3-1: Foul Ball, location: 2F
3-2: Fly out, F8 (Flyball, 8LM)
Batting: RHB Júlio Cruz 0-0: Fly out, F9 (Flyball, 9LM)
Top of the 4th over - 0 run(s), 0 hit(s), 0 error(s), 0 left on base; Key West 2 - Memphis 3
BOTTOM OF THE 4TH
Memphis Blues batting - Pitching for Key West Barracudas : LHP Luis Rodríguez
Batting: LHB Mark Folger 0-0: SINGLE (Line Drive, 4D)
Batting: RHB Salvador Mendoza 0-0: DOUBLE (Line Drive, 9LM)
Mark Folger to third
Batting: LHB John Foster 0-0: Ball
1-0: Ball
2-0: 3-RUN HOME RUN (Flyball, 9LD), Distance : 348 ft
Batting: RHB Gustavo Rodríguez 0-0: Ball
1-0: Called Strike
1-1: Ground out 4-3 (Groundball, 4MD)
Pitching: RHP Gabe Lewis
Batting: RHB Dave Wookey 0-0: Ball
1-0: Swinging Strike
1-1: Called Strike
1-2: Strikes out looking
Batting: RHB Glenn Melican 0-0: Ball
1-0: Ball
2-0: Called Strike
2-1: Swinging Strike
2-2: Ball
3-2: Strikes out looking
Bottom of the 4th over - 3 run(s), 3 hit(s), 0 error(s), 0 left on base; Key West 2 - Memphis 6
TOP OF THE 5TH
Key West Barracudas batting - Pitching for Memphis Blues : RHP Bill Long
Batting: RHB Richard Sanders 0-0: Ball
1-0: SOLO HOME RUN (Flyball, 7D), Distance : 394 ft
Batting: LHB Motoki Hirata 0-0: Ball
1-0: Called Strike
1-1: Called Strike
1-2: Foul Ball, location: 2F
1-2: Ground out 4-3 (Groundball, 4)
Batting: RHB Dan Craft 0-0: Called Strike
0-1: Ball
1-1: Foul Ball, location: 2F
1-2: Fly out, F8 (Flyball, 89S)
Batting: RHB Carlos Bravo 0-0: Ball
1-0: Called Strike
1-1: Ball
2-1: Foul Ball, location: 2F
2-2: Ball
3-2: Strikes out swinging
Top of the 5th over - 1 run(s), 1 hit(s), 0 error(s), 0 left on base; Key West 3 - Memphis 6
BOTTOM OF THE 5TH
Memphis Blues batting - Pitching for Key West Barracudas : RHP Gabe Lewis
Batting: LHB Alan McGilroy 0-0: Called Strike
0-1: Ball
1-1: Ball
2-1: Ball
3-1: Foul Ball, location: 2F
3-2: Base on Balls
Batting: RHB Artie Green 0-0: Called Strike
0-1: Ball
1-1: Swinging Strike
1-2: Strikes out swinging
Batting: RHB Chase Mueller 0-0: Called Strike
0-1: Foul Ball, location: 2F
0-2: Foul Ball, location: 2F
0-2: SINGLE (Groundball, 34S) (infield hit)
Alan McGilroy to second
Batting: LHB Mark Folger 0-0: Ball
1-0: Called Strike
1-1: Swinging Strike
1-2: Ball
2-2: Foul Ball, location: 2F
2-2: Strikes out looking
Batting: RHB Salvador Mendoza 0-0: Ball
1-0: Called Strike
1-1: Swinging Strike
1-2: Strikes out looking
Bottom of the 5th over - 0 run(s), 1 hit(s), 0 error(s), 2 left on base; Key West 3 - Memphis 6
TOP OF THE 6TH
Key West Barracudas batting - Pitching for Memphis Blues : RHP Bill Long
Batting: SHB Héctor Jiménez 0-0: Called Strike
0-1: Called Strike
0-2: Strikes out swinging
Batting: LHB Domingo Ledesma 0-0: Called Strike
0-1: Ball
1-1: Ball
2-1: Foul Ball, location: 2F
2-2: Foul Ball, location: 2F
2-2: Ball
3-2: Foul Ball, location: 2F
3-2: Base on Balls
Batting: LHB Daniel Byrd 0-0: Foul Ball, location: 2F
0-1: Ball
1-1: Ball
2-1: Called Strike
2-2: Foul Ball, location: 2F
2-2: Ball
3-2: Fly out, F7 (Flyball, 78D)
Batting: LHB Víctor Acevedo 0-0: Ball
1-0: Called Strike
1-1: Foul Ball, location: 2F
1-2: SINGLE (Groundball, 4MD)
Domingo Ledesma to second
Pitching: RHP Dustin Taylor
Batting: RHB Júlio Cruz 0-0: Called Strike
0-1: Foul Ball, location: 2F
0-2: Foul Ball, location: 2F
0-2: Ball
1-2: Foul Ball, location: 2F
1-2: Strikes out swinging
Top of the 6th over - 0 run(s), 1 hit(s), 0 error(s), 2 left on base; Key West 3 - Memphis 6
BOTTOM OF THE 6TH
Memphis Blues batting - Pitching for Key West Barracudas : RHP Gabe Lewis
Pitching: RHP Ed Calhoun
Batting: LHB John Foster 0-0: Swinging Strike
0-1: Called Strike
0-2: Ball
1-2: Ball
2-2: DOUBLE (Line Drive, 7D)
Batting: RHB Gustavo Rodríguez 0-0: Ball
1-0: Ball
2-0: Ball
3-0: Called Strike
3-1: Base on Balls
Batting: RHB Dave Wookey 0-0: Reached via error on a dropped throw, E6
John Foster to third
Gustavo Rodríguez to second
Batting: RHB Glenn Melican 0-0: Foul Ball, location: 2F
0-1: Called Strike
0-2: Foul Ball, location: 2F
0-2: Hit by Pitch
John Foster scores
Gustavo Rodríguez to third
Dave Wookey to second
Batting: LHB Alan McGilroy 0-0: Called Strike
0-1: Ball
1-1: Foul Ball, location: 2F
1-2: Ground out 3-1 (Groundball, 34S)
Gustavo Rodríguez scores
Dave Wookey to third
Glenn Melican to second
Batting: RHB Artie Green 0-0: Ground out 1-3 (Groundball, 15S)
Batting: RHB Chase Mueller 0-0: Ball
1-0: Fly out, F8 (Flyball, 78D)
Bottom of the 6th over - 2 run(s), 1 hit(s), 1 error(s), 2 left on base; Key West 3 - Memphis 8
TOP OF THE 7TH
Key West Barracudas batting - Pitching for Memphis Blues : RHP Dustin Taylor
Batting: RHB Richard Sanders 0-0: Ball
1-0: Ball
2-0: Called Strike
2-1: DOUBLE (Flyball, 78D)
Batting: LHB Motoki Hirata 0-0: Ball
1-0: Called Strike
1-1: Ball
2-1: Ground out 1-3 (Groundball, 13S)
Richard Sanders to third
Batting: RHB Dan Craft 0-0: Ball
1-0: Foul Ball, location: 2F
1-1: Foul Ball, location: 2F
1-2: Strikes out looking
Batting: RHB Carlos Bravo 0-0: Ball
1-0: Called Strike
1-1: Ball
2-1: Called Strike
2-2: SINGLE (Groundball, 6MD)
Richard Sanders scores
Batting: SHB Héctor Jiménez 0-0: Ball
1-0: Ball
2-0: Called Strike
2-1: Swinging Strike
2-2: Strikes out swinging
Top of the 7th over - 1 run(s), 2 hit(s), 0 error(s), 1 left on base; Key West 4 - Memphis 8
BOTTOM OF THE 7TH
Memphis Blues batting - Pitching for Key West Barracudas : RHP Ed Calhoun
Batting: LHB Mark Folger 0-0: Ground out 4-3 (Groundball, 34)
Batting: RHB Salvador Mendoza 0-0: Foul Ball, location: 2F
0-1: Fly out, F8 (Flyball, 89S)
Batting: LHB John Foster 0-0: Ground out 3-1 (Groundball, 34S)
Bottom of the 7th over - 0 run(s), 0 hit(s), 0 error(s), 0 left on base; Key West 4 - Memphis 8
TOP OF THE 8TH
Key West Barracudas batting - Pitching for Memphis Blues : RHP Dustin Taylor
Batting: LHB Domingo Ledesma 0-0: Called Strike
0-1: Called Strike
0-2: Foul Ball, location: 2F
0-2: Strikes out looking
Batting: LHB Daniel Byrd 0-0: Foul Ball, location: 2F
0-1: Ball
1-1: Ball
2-1: Ball
3-1: Swinging Strike
3-2: Base on Balls
Batting: LHB Víctor Acevedo 0-0: Fly out, F3 (Popup, 3S)
Batting: RHB Júlio Cruz 0-0: Called Strike
0-1: Ball
1-1: Ball
2-1: Foul Ball, location: 2F
2-2: Strikes out swinging
Top of the 8th over - 0 run(s), 0 hit(s), 0 error(s), 1 left on base; Key West 4 - Memphis 8
BOTTOM OF THE 8TH
Memphis Blues batting - Pitching for Key West Barracudas : RHP Ed Calhoun
Pitching: RHP George Bennion
Batting: RHB Gustavo Rodríguez 0-0: Foul Ball, location: 2F
0-1: Ball
1-1: Fly out, F8 (Flyball, 8RD)
Batting: RHB Dave Wookey 0-0: Swinging Strike
0-1: Swinging Strike
0-2: Strikes out swinging
Batting: RHB Glenn Melican 0-0: Called Strike
0-1: Swinging Strike
0-2: Ball
1-2: Strikes out looking
Bottom of the 8th over - 0 run(s), 0 hit(s), 0 error(s), 0 left on base; Key West 4 - Memphis 8
TOP OF THE 9TH
Key West Barracudas batting - Pitching for Memphis Blues : RHP Dustin Taylor
Pitching: RHP Tommy Waters
Batting: RHB Richard Sanders 0-0: Swinging Strike
0-1: Ball
1-1: Ball
2-1: SINGLE (Line Drive, 6MD)
Batting: LHB Motoki Hirata 0-0: Ball
1-0: Called Strike
1-1: Ball
2-1: Ball
3-1: Swinging Strike
3-2: Base on Balls
Richard Sanders to second
Batting: RHB Dan Craft 0-0: Ball
1-0: Called Strike
1-1: Ball
2-1: Fly out, F5 (Popup, 5L)
Batting: RHB Carlos Bravo 0-0: SINGLE (Groundball, 6D)
Richard Sanders to third
Motoki Hirata to second
Pinch Hitting: SHB Eric Pimentel 0-0: Swinging Strike
0-1: Ball
1-1: Fly out, F9 (Flyball, 9S)
Batting: LHB Domingo Ledesma 0-0: Ball
1-0: Called Strike
1-1: Ball
2-1: Ball
3-1: Fly out, F6 (Popup, 6S)
Top of the 9th over - 0 run(s), 2 hit(s), 0 error(s), 3 left on base; Key West 4 - Memphis 8
Thursday, March 30th, 2017 - OOTP Baseball 17.12 Build 75